 Dungeon Crawl Stone Soup version 0.31-a0-115-g4708a659fe (webtiles) character file.

Game seed: 17429712544460245409

480 holysushi the Cutter (level 6, -12/43 HPs)
             Began as a Demonspawn Artificer on May 29, 2023.
             Mangled by a boulder beetle (15 damage)
             ... on level 6 of the Dungeon on May 30, 2023.
             The game lasted 00:10:27 (3517 turns).

holysushi the Cutter (Demonspawn Artificer)         Turns: 3517, Time: 00:10:28

Health: -12/43     AC: 10    Str: 11 (12) XL:     6   Next: 86%
Magic:  6/6        EV: 10    Int: 15 (18) God:
Gold:   72         SH:  4    Dex: 13 (16) Spells: 5/5 levels left

rFire   + . .        i - +0 short sword
rCold   . . .        r - +0 buckler
rNeg    . . .        b - +0 leather armour
rPois   .            (no helmet)
rElec   .            k - +2 cloak
rCorr   .            x - +0 pair of gloves
SInv    .            y - +0 pair of boots
Will    +....        (no amulet)
Stlth   +            s - ring of willpower
HPRegen 0.27/turn    t - +6 ring of intelligence
MPRegen 0.10/turn

%: no passive effects
@: mighty, brilliant, about to teleport, attractive, slowed, very slow
A: molten scales 1, weakness stinger 1, fire resistance 1, subdued magic 1
a: no special abilities


You were on level 6 of the Dungeon.
You visited 1 branch of the dungeon, and saw 6 of its levels.

You collected 188 gold pieces.
You spent 116 gold pieces at shops.

Inventory:

Hand Weapons
 i - a +0 short sword (weapon)
Armour
 b - a +0 leather armour (worn)
 k - a +2 cloak (worn)
 r - a +0 buckler (worn)
 x - a +0 pair of gloves (worn)
 y - a +0 pair of boots (worn)
Jewellery
 s - a ring of willpower (left hand)
 t - a +6 ring of intelligence (right hand)
Wands
 d - a wand of charming (4)
 u - a wand of polymorph (10)
Scrolls
 f - 2 scrolls of noise {unknown}
 g - 2 scrolls of magic mapping {unknown}
 h - a scroll of acquirement {unknown}
 j - 3 scrolls of identify {unknown}
 p - 2 scrolls of enchant armour {unknown}
 q - a scroll of poison {unknown}
 v - a scroll of fog {unknown}
Potions
 n - a potion of degeneration


   Skills:
 - Level 1.0 Fighting
 + Level 5.3 Short Blades
 - Level 1.7 Armour
 - Level 0.8 Dodging
 - Level 0.8 Stealth
 - Level 1.0 Shields
 - Level 4.8 Evocations


You had 5 spell levels left.
You didn't know any spells.
Your spell library contained the following spells:

 Spells                   Type           Power      Damage    Failure   Level
 Static Discharge         Conj/Air       0%         2-2/arc   56%         2
 Arcjolt                  Conj/Air       0%         1d10      100%        5
 Conjure Ball Lightning   Conj/Air       0%         3x3d6     100%        6
 Orb of Destruction       Conj           0%         9d5       100%        7


Dungeon Overview and Level Annotations

Branches:
Dungeon (7/15) Zot: 26960
 Temple: D:4-7

Altars:

Shops:
D:4 [   D:7 [


Innate Abilities, Weirdness & Mutations

You are partially covered in molten scales. (AC +2)
You have a small tail.
Your flesh is heat resistant. (rF+)
Your spells are a little easier to cast, but a little less powerful.


Message History

Your adder dies!
Aiming: Polymorph
Press: ? - help, Shift-Dir - straight line, f - hound, p - wraith
Aim: a hound (lightly wounded, will become a frilled lizard, a river rat, or a swamp drake, chance to affect: 69%)
Okay, then.
It was a potion of attraction.
You feel attractive to monsters. The hound bites you.
* * * LOW HITPOINT WARNING * * *
A kobold brigand comes into view.
It is wielding a +0 short sword and quivering poisoned darts.
The hound bites you but does no damage.
The boulder beetle is attracted toward you.
The kobold brigand is attracted toward you.
It was a potion of might.
You feel very mighty all of a sudden. The hound bites you but does no damage.
The hound closely misses you.
The kobold brigand is attracted toward you.
It was a potion of degeneration.
There was something very wrong with that liquid.
You feel weakened.
You feel dopey.
You feel clumsy. The hound barely misses you. You block the hound's attack.
The centaur is attracted toward you.
It was a potion of brilliance.
You feel clever all of a sudden. The hound bites you but does no damage.
The hound closely misses you.
The kobold brigand is attracted toward you.
It was a potion of mutation.
You feel extremely strange.
Your connection to magic feels subdued.
You feel resistant to heat. You block the hound's attack.
The hound bites you but does no damage.
As you read the scroll of teleportation, it crumbles to dust.
You feel strangely unstable.
A bullfrog comes into view.
The boulder beetle bites you!
* * * LOW HITPOINT WARNING * * *
The bullfrog is attracted toward you.
The boulder beetle attacks as you move away!
The boulder beetle barely misses you.
The bullfrog gives a loud, deep croak!
The boulder beetle bites you!
You die...

.. #. #...#...#...
...#..#............
......##.###.###.##
.......ยง........
......#.K###.....
.....#.ch# ......
##.. #.#F# ......
#. #.#B# #####. #
..#@# ..##........
..# #.#.##### ..
#.#... #.# ### #.#
#.# #.#


You could see a boulder beetle, a kobold brigand, a bullfrog, a centaur and a
hound.

Vanquished Creatures
  A sky beast (D:7)
  A centaur (D:3)
  2 jellies
  A sleepcap (D:6)
  8 gnolls
  3 adders
  A shadow imp (D:7)
  An ufetubus (D:4)
  A worm (D:4)
  3 dart slugs
  6 orcs
  4 ball pythons
  3 endoplasms (D:4)
  3 giant cockroaches
  6 goblins
  8 hobgoblins
  10 jackals
  A quokka (D:4)
  7 bats
  5 frilled lizards
  5 kobolds
  8 rats
88 creatures vanquished.

Vanquished Creatures (collateral kills)
  A gnoll (D:2)
  A goblin (D:1)
  A jackal (D:1)
  A frilled lizard (D:1)
4 creatures vanquished.

Vanquished Creatures (others)
  An adder (D:6)
  A goblin (D:1)
  A jackal (D:1)
  A kobold (D:1)
  A quokka (D:1)
5 creatures vanquished.

Grand Total: 97 creatures vanquished

Notes
Turn   | Place    | Note
-------+----------+-------------------------------------------
     0 | D:1      | holysushi the Demonspawn Artificer began the quest for the
                  | Orb.
     0 | D:1      | Reached XP level 1. HP: 15/15 MP: 1/1
   391 | D:1      | Gained mutation: You have a small tail. [demonic ancestry]
   391 | D:1      | Reached XP level 2. HP: 21/21 MP: 2/2
   800 | D:1      | Reached XP level 3. HP: 18/26 MP: 3/3
  1394 | D:2      | Reached XP level 4. HP: 32/32 MP: 4/4
  1488 | D:1      | Reached skill level 1 in Short Blades
  1668 | D:2      | HP: 1/30 [gnoll/+3 flail of draining (3)]
  1828 | D:2      | Reached skill level 2 in Short Blades
  1828 | D:2      | Reached skill level 1 in Shields
  1920 | D:2      | Gained mutation: You are partially covered in molten
                  | scales. (AC +2) [demonic ancestry]
  1920 | D:2      | Reached XP level 5. HP: 35/36 MP: 5/5
  2020 | D:3      | Noticed a centaur
  2032 | D:3      | Killed a centaur
  2033 | D:3      | Reached skill level 3 in Short Blades
  2996 | D:4      | Reached XP level 6. HP: 40/43 MP: 6/6
  3025 | D:4      | Got the Grimoire of Percussion
  3108 | D:4      | Reached skill level 4 in Short Blades
  3162 | D:4      | Found Soemaat's Armour Shop.
  3169 | D:4      | Bought a +0 pair of gloves for 58 gold pieces
  3169 | D:4      | Bought a +0 pair of boots for 58 gold pieces
  3402 | D:4      | You fall into a shaft and drop 3 floors!
  3403 | D:7      | Found Tioffoom's Armour Boutique.
  3405 | D:7      | Noticed a sky beast
  3427 | D:7      | Killed a sky beast
  3481 | D:7      | Reached skill level 5 in Short Blades
  3490 | D:6      | Noticed a wraith
  3509 | D:6      | Noticed a boulder beetle
  3515 | D:6      | Gained mutation: Your spells are a little easier to cast,
                  | but a little less powerful. [potion of mutation]
  3515 | D:6      | Gained mutation: Your flesh is heat resistant. (rF+)
                  | [potion of mutation]
  3517 | D:6      | Mangled by a boulder beetle

Illustrated notes

Levels and vault maps discovered:
D:1:      sevenhm_arrival_forest_fort_small_3, layout_basic, st_stairs_5
D:2:      layout_rooms
D:3:      layout_basic
D:4:      layout_loops_ring, nicolae_tso_carved_into_rock, serial_shops,
          nicolae_shop_rolling_square, minmay_fractal_squares_gapless_5
D:6:      cheibrodos_fzero, layout_basic, minmay_temple_entry_junction_2
D:7:      layout_rooms, grunt_temple_overflow_diamond, serial_shops, shop

Skill      XL: |  1  2  3  4  5  6 |
---------------+-------------------+-----
Evocations     | 4 |  4.8
Short Blades   | 2 3 5 |  5.3
Shields        | 1 |  1.0
Fighting       | |  1.0
Armour         | |  1.7
Dodging        | |  0.8
Stealth        | |  0.8

Action                     |  1- 3 |  4- 6 || total
---------------------------+-------+-------++-------
  Melee: Unarmed           |    95 |       ||    95
         Tailslap          |    14 |    35 ||    49
         Short sword       |    75 |   232 ||   307
         Punch             |     1 |       ||     1
  Evoke: Wand              |    10 |    38 ||    48
    Use: Potion            |       |     6 ||     6
         Scroll            |       |     3 ||     3
   Stab: Sleeping          |     2 |     2 ||     4
 Armour: Leather armour    |    78 |   114 ||   192
         Skin              |       |     1 ||     1
  Dodge: Dodged            |   146 |   154 ||   300
  Block: Buckler           |       |    46 ||    46

Table legend: (Time is in decaauts)
 A = Elapsed time spent in this place.
 B = Non-inter-level travel time spent in this place.
 C = Inter-level travel time spent in this place.
 D = Time resting spent in this place.
 E = Time spent auto-exploring this place.
 F = Levels seen in this place.
 G = Mean time per level.
                   A        B        C        D        E       F      G
               +--------+--------+--------+--------+--------+-----+--------+
         Total |   3498 |   3403 |     95 |    491 |   1723 |   6 |  583.0 |
       Dungeon |   3498 |   3403 |     95 |    491 |   1723 |   6 |  583.0 |
               +--------+--------+--------+--------+--------+-----+--------+

Top non-repeatable levels by time:
     D:1: 1183 daAuts
     D:2: 781 daAuts
     D:3: 731 daAuts
     D:4: 682 daAuts
     D:7: 81 daAuts
     D:6: 38 daAuts
